 Dungeon Crawl Stone Soup version 0.30-a0-930-gb9d0489357 (webtiles) character file.

Game seed: 3059036408465424985

259 mopl the Sneak (level 6, -1/39 HPs)
             Began as an Octopode Brigand on Mar 23, 2023.
             Slain by an adder (4 damage)
             ... in a sewer.
             The game lasted 00:04:49 (3017 turns).

mopl the Sneak (Octopode Brigand)                   Turns: 3017, Time: 00:04:49

Health: -1/39      AC:  1    Str: 10    XL:     6   Next: 17%
Magic:  8/8        EV:  9    Int: 16    God:
Gold:   174        SH:  0    Dex: 13    Spells: 5/8 levels left

rFire   . . .      SeeInvis .    a - +2 dagger (drain)
rCold   . . .      Faith    .    (no shield)
rNeg    . . .      Spirit   .    (helmet restricted)
rPois   .          Reflect  .    (no amulet)
rElec   .          Rampage  .    (no ring)
rCorr   .                        (no ring)
Will    .....                    (no ring)
Stlth   +++++                    (no ring)
HPRegen 0.26/turn                (no ring)
MPRegen 0.11/turn                (no ring)
                                 (no ring)
                                 (no ring)

@: attractive, constricted
A: almost no armour, amphibious, 8 rings, camouflage 1, gelatinous body 1,
nimble swimmer 1, tentacles
a: no special abilities


You were in a sewer.
You visited 1 branch of the dungeon, and saw 4 of its levels.
You also visited: Sewer.

You collected 174 gold pieces.

Inventory:

Hand Weapons
 a - a +2 dagger of draining (weapon)
 j - a +4 dagger
Missiles
 b - 11 poisoned darts (quivered)
 c - 3 curare-tipped darts
Jewellery
 n - a ring of ice
Wands
 r - a wand of digging (6)
Scrolls
 e - 2 scrolls of noise {unknown}
 f - 2 scrolls of identify {unknown}
 p - 2 scrolls of enchant weapon {unknown}
 s - 2 scrolls of vulnerability {unknown}
 t - a scroll of brand weapon {unknown}
 u - 2 scrolls of teleportation {unknown}
 w - a scroll of enchant armour {unknown}
 x - 2 scrolls of blinking {unknown}
Potions
 d - a potion of invisibility {unknown}
 g - a potion of flight
 h - a potion of lignification {unknown}
 i - a potion of might {unknown}
 k - a potion of ambrosia
 l - 2 potions of haste {unknown}
 m - a potion of degeneration {unknown}
 o - a potion of attraction
 q - 2 potions of heal wounds {unknown}
 v - a potion of mutation {unknown}
 z - 2 potions of cancellation


   Skills:
 - Level 2.0 Fighting
 + Level 3.5 Short Blades
 + Level 3.5 Throwing
 - Level 1.0 Dodging
 + Level 6.9 Stealth
 + Level 1.5 Spellcasting
 + Level 1.6 Hexes


You had 5 spell levels left.
You knew the following spells:

 Your Spells              Type           Power      Damage    Failure   Level
c - Confusing Touch       Hex            6%         N/A       32%         3

Your spell library contained the following spells:

 Spells                   Type           Power      Damage    Failure   Level
 Kiss of Death            Conj/Necr      4%         2d5       22%         1
 Ignite Poison            Fire/Tmut/Pois 1%         N/A       54%         3
 Dispel Undead            Necr           1%         3d6       91%         4
 Sticky Flame             Conj/Fire      1%         2d3       91%         4
 Ignition                 Fire           0%         3d3       100%        8


Dungeon Overview and Level Annotations

Branches:
Dungeon (4/15)              Sewer (1/1)
 Temple: D:4-7

Altars:
Ru


Innate Abilities, Weirdness & Mutations

You cannot wear most types of armour.
You are amphibious.
You can wear up to eight rings at the same time.
Your skin changes colour to match your surroundings (Stealth+).
Your rubbery body absorbs attacks. (AC +1, EV +1)
You are camouflaged when in or above water. (Stealth+)
You have tentacles for arms and can constrict up to eight enemies at once.


Message History

The ball python misses you.
A bullfrog comes into view.
The adder barely misses you. x2; The ball python barely misses you.
The ball python closely misses you. The adder closely misses you.
The ball python closely misses you. The ball python grabs you.
The ball python constricts you.
* * * LOW HITPOINT WARNING * * *
It was a potion of cancellation.
Your magical effects are unravelling.
You feel magically purged.
You feel less invigorated.
You float gracefully downwards.
Floosh!
You fall into the deep water.
You feel less confused.
You feel sick.
The ball python hisses angrily.
The frilled lizard hisses angrily.
The adder misses you. The ball python completely misses you.
The adder bites you but does no damage. The ball python barely misses you.
The ball python constricts you.
It was a potion of attraction.
You feel attractive to monsters.
You feel sick.
The bullfrog gives a loud, deep croak!
The adder bites you but does no damage. The ball python closely misses you.
The adder closely misses you.
The ball python bites you but does no damage.
The ball python constricts you.
* * * LOW HITPOINT WARNING * * *
You feel sick.
You are no longer poisoned.
The adder bites you.
* * * LOW HITPOINT WARNING * * *
The adder barely misses you. The ball python bites you.
* * * LOW HITPOINT WARNING * * *
The ball python bites you.
* * * LOW HITPOINT WARNING * * *
The ball python constricts you.
* * * LOW HITPOINT WARNING * * *
The adder bites you.
You die...

#......≈≈~~~≈≈≈≈≈≈≈≈~≈.†###
#....####################
##...## #...##### #...††..#
#....#..# ##...####
#†...###################
#......~≈≈≈≈@SSl≈≈≈≈≈≈..
##....~~~≈≈SSSF≈≈≈~≈≈≈..
#....~~~~~≈SS≈≈~≈~~~≈~S
#....~≈≈≈~~~#~~#~~~~~.S
##...~~≈≈~~≈~..~#≈≈≈~~J
###..≈≈≈≈≈≈≈~≈~≈≈≈≈~#S
###################


You could see a bullfrog, 2 adders, 5 ball pythons and a frilled lizard.

Vanquished Creatures
  A bullfrog (Sewer)
  Robin (D:2)
  5 adders
  3 river rats (Sewer)
  A worm (D:2)
  2 dart slugs
  2 endoplasms
  2 giant cockroaches
  13 goblins
  11 hobgoblins
  9 quokkas
  15 ball pythons
  A bat (D:2)
  3 frilled lizards
  6 kobolds
  27 rats
102 creatures vanquished.

Notes
Turn   | Place    | Note
-------+----------+-------------------------------------------
     0 | D:1      | mopl the Octopode Brigand began the quest for the Orb.
     0 | D:1      | Reached XP level 1. HP: 14/14 MP: 1/1
   127 | D:1      | Reached XP level 2. HP: 19/19 MP: 2/2
   718 | D:2      | Noticed Robin
   724 | D:2      | Reached XP level 3. HP: 23/24 MP: 3/3
   754 | D:2      | Killed Robin
   755 | D:2      | Reached skill level 6 in Stealth
  1034 | D:2      | Reached XP level 4. HP: 29/29 MP: 4/4
  1391 | D:2      | Learned a level 3 spell: Confusing Touch
  1567 | D:2      | Reached skill level 3 in Short Blades
  1701 | D:3      | Found a faded altar of an unknown god.
  1846 | D:3      | Reached skill level 3 in Throwing
  2365 | D:4      | Found a sacrificial altar of Ru.
  2434 | D:4      | Found a glowing drain.
  2483 | Sewer    | Entered a sewer
  2601 | Sewer    | Reached XP level 5. HP: 29/34 MP: 4/6
  2788 | Sewer    | Reached skill level 1 in Spellcasting
  2788 | Sewer    | Reached skill level 1 in Hexes
  3010 | Sewer    | Reached XP level 6. HP: 11/39 MP: 6/8
  3017 | Sewer    | Slain by an adder

Illustrated notes

Levels and vault maps discovered:
D:1:      sevenhm_arrival_forest_fort_small_4, layout_loops_ring,
          minmay_misc_feat_more_columns
D:2:      layout_basic, kennysheep_flooded_box, minmay_pentomino_v2, uniq_robin
D:3:      layout_basic, ebering_ecumenical_altar_box
D:4:      layout_basic, mainiacjoe_overflow_boulevard, portal_sewer_entry_f,
          serial_shops, nicolae_diamond_shop, hex_intersection, dk_vineyard_2
Sewer:    sewer_minmay_w

Skill      XL: |  1  2  3  4  5 |
---------------+----------------+-----
Stealth        | 6 |  6.9
Short Blades   | 3 |  3.5
Throwing       | 3 |  3.5
Spellcasting   | 1 |  1.5
Hexes          | 1 |  1.6
Fighting       | |  2.0
Dodging        | |  1.0

Action                     |  1- 3 |  4- 6 || total
---------------------------+-------+-------++-------
  Melee: Dagger            |    62 |   119 ||   181
         Constrict         |    16 |    29 ||    45
         Tentacles         |    10 |    21 ||    31
         Punch             |     1 |     1 ||     2
  Throw: Dart              |     6 |       ||     6
    Use: Potion            |       |     4 ||     4
   Stab: Sleeping          |    12 |    12 ||    24
 Armour: Skin              |     4 |    12 ||    16
  Dodge: Dodged            |    29 |    88 ||   117

Table legend: (Time is in decaauts)
 A = Elapsed time spent in this place.
 B = Non-inter-level travel time spent in this place.
 C = Inter-level travel time spent in this place.
 D = Time resting spent in this place.
 E = Time spent auto-exploring this place.
 F = Levels seen in this place.
 G = Mean time per level.
                   A        B        C        D        E       F      G
               +--------+--------+--------+--------+--------+-----+--------+
         Total |   2987 |   2896 |     91 |    350 |   1878 |   5 |  597.4 |
       Dungeon |   2465 |   2374 |     91 |     79 |   1795 |   4 |  616.2 |
         Sewer |    521 |    521 |      0 |    271 |     83 |   1 |  521.0 |
               +--------+--------+--------+--------+--------+-----+--------+

Top non-repeatable levels by time:
     D:2: 971 daAuts
     D:1: 717 daAuts
     D:3: 642 daAuts
   Sewer: 521 daAuts
     D:4: 134 daAuts
